 Dungeon Crawl Stone Soup version 0.32-a0-995-gb4a59205af (webtiles) character file.

Game seed: 4874172221115356334

242927 Esekla the Eclecticist (level 18, -4/316 HPs)
             Began as a Demonspawn Wanderer on Apr 21, 2024.
             Was the Champion of Vehumet.
             Slain by a grey draconian monk (5 damage)
             ... summoned by old memories
             ... in a wizard's laboratory on Apr 23, 2024.
             The game lasted 06:36:13 (44545 turns).

Esekla the Eclecticist (Demonspawn Wanderer)       Turns: 44545, Time: 06:36:13

Health: -4/316     AC: 33    Str: 10    XL:     18   Next: 69%
Magic:  6/37       EV:  2    Int: 25    God:    Vehumet [******]
Gold:   2003       SH:  8    Dex: 17    Spells: 1/47 levels left

rFire   + . .        z - +5 scimitar (freeze)
rCold   . . .        j - +2 buckler {rF+}
rNeg    . . .        H - melded +5 robe of Night {Dark Will+ SInv}
rPois   +            Q - melded +2 hat
rElec   .            (cloak unavailable)
rCorr   .            N - melded +1 pair of gloves "Vakhah" {Rampage ^Drain rElec Stlth+}
SInv    .            U - melded +1 pair of boots "Hesegy" {Fly rPois Stlth+}
Will    +....        d - amulet of regeneration Stlth
                     B - +4 ring of protection
HPRegen 1.52/turn    S - +6 ring of intelligence
MPRegen 0.25/turn

%: no passive effects
@: mighty, berserking (expiring), tree-form, flayed, very quick
A: stationary, stasis, torment immunity, boosted hp, ignite blood 2, (sanguine
armour 3), demonic magic 1, (weakness stinger 3)
}: 2/15 runes: decaying, gossamer
a: Renounce Religion


You were in a wizard's laboratory.
You worshipped Vehumet.
Vehumet was exalted by your worship.
You were a tree.
You visited 7 branches of the dungeon, and saw 32 of its levels.
You also visited: Gauntlet and Wizlab.

You collected 4546 gold pieces.
You spent 2543 gold pieces at shops.

Inventory:

Hand Weapons
 a - the +4 long sword "Zochoem" {vamp, rElec}
   (You bought it in a shop on level 2 of the Orcish Mines)

   rElec:     It insulates you from electricity.
 b - a +0 vampiric demon blade
 f - a +3 scimitar of flaming
 r - a +4 trident
 s - a +2 dagger of protection
 v - a +2 dagger of venom
 z - a +5 scimitar of freezing (weapon)
Missiles
 h - 5 silver javelins
 p - 32 boomerangs
 w - 17 poisoned darts (quivered)
 x - 4 curare-tipped darts
Armour
 j - a +2 buckler of fire resistance (worn)
 H - the +5 robe of Night (melded) {Dark Will+ SInv}
   (You found it on level 13 of the Dungeon)

   Dark:      It shrouds the wearer in darkness, reducing the range at which
   they can see and be seen by others.
   Will+:     It increases your willpower.
   SInv:      It lets you see invisible.
 N - the +1 pair of gloves "Vakhah" (melded) {Rampage ^Drain rElec Stlth+}
   (You acquired it on level 2 of the Swamp)

   rElec:     It insulates you from electricity.
   ^Drain:    It drains your maximum health when unequipped.
   Rampage:   It bestows one free step when moving towards enemies.
   Stlth+:    It makes you more stealthy.
 Q - a +2 hat (melded)
 U - the +1 pair of boots "Hesegy" (melded) {Fly rPois Stlth+}
   (You found it in a Gauntlet)

   rPois:     It protects you from poison.
   Fly:       It grants you flight.
   Stlth+:    It makes you more stealthy.
Jewellery
 c - a ring of protection from cold
 d - an amulet of regeneration (around neck)
 e - a ring of fire
 B - a +4 ring of protection (left branch)
 I - a ring of resist corrosion
 S - a +6 ring of intelligence (right branch)
 Z - an amulet of reflection
Wands
 q - a wand of iceblast (32)
 y - a wand of flame (33)
 A - a wand of quicksilver (10)
 C - a wand of paralysis (18)
 K - a wand of digging (16)
 P - a wand of mindburst (25)
Scrolls
 g - 3 scrolls of poison
 m - 9 scrolls of teleportation
 n - 6 scrolls of enchant armour
 t - 4 scrolls of enchant weapon
 D - a scroll of silence
 G - 3 scrolls of fear
 J - 3 scrolls of revelation
 R - 4 scrolls of fog
Potions
 i - 4 potions of brilliance
 k - 10 potions of heal wounds
 l - 4 potions of haste
 o - a potion of berserk rage
 u - 6 potions of curing
 F - 6 potions of ambrosia
 L - 3 potions of lignification
 M - a potion of might
 O - 8 potions of attraction
 T - 2 potions of magic
 V - 2 potions of invisibility
 Y - a potion of resistance
Miscellaneous
 E - a lightning rod (3/4)
 W - a Gell's gravitambourine (2/2)


   Skills:
 * Level 12.4 Fighting
 + Level 5.5(5.9) Short Blades
 + Level 2.9(4.6) Long Blades
 + Level 3.1 Throwing
 + Level 5.8 Armour
 + Level 5.3 Dodging
 + Level 11.5 Stealth
 + Level 6.0 Shields
 * Level 15.3 Spellcasting
 + Level 9.1 Conjurations
 * Level 11.2 Necromancy
 + Level 3.4 Translocations
 + Level 7.5 Fire Magic
 + Level 6.8 Ice Magic
 * Level 9.6 Air Magic
 + Level 8.4 Earth Magic
 + Level 6.3 Alchemy
 + Level 0.4 Evocations


You had one spell level left.
You knew the following spells:

 Your Spells              Type           Power      Damage    Failure   Level
b - Blink                 Tloc           72%        N/A       1%          2
c - Mephitic Cloud        Conj/Alch/Air  57%        N/A       1%          3
d - Vampiric Draining     Necr           66%        2d10      1%          3
f - Fireball              Conj/Fire      28%        3d12      1%          5
k - Airstrike             Air            30%        2d(5-21)  1%          4
m - Maxwell's Capacitive  Air            30%        ∞         73%         8
n - Ignite Poison         Fire/Alch      52%        N/A       1%          4
p - Apportation           Tloc           72%        N/A       1%          1
r - Frozen Ramparts       Ice            100%       1d16      1%          3
u - Dispel Undead         Necr           66%        3d23      1%          4
y - Sticky Flame          Fire/Alch      52%        2d9       1%          4
z - Freezing Cloud        Conj/Ice/Air   29%        6-21      1%          5

Your spell library contained the following spells:

 Spells                   Type           Power      Damage    Failure   Level
 Lehudib's Crystal Spear  Conj/Erth      29%        10d8      83%         8
 Ignition                 Fire           27%        3d9       94%         8
 Shatter                  Erth           28%        3d24*     100%        9
 Magic Dart               Conj           100%       1d8       1%          1
 Necrotise                Necr           100%       1d9       1%          1
 Sting                    Conj/Alch      100%       1d9       1%          1
 Slow                     Hex            76%        N/A       3%          1
 Summon Small Mammal      Summ           76%        N/A       3%          1
 Cigotuvi's Dreadful Rot  Necr/Alch/Air  100%       N/A       1%          2
 Static Discharge         Conj/Air       100%       3-8/arc   1%          2
 Inner Flame              Hex/Fire       38%        N/A       1%          3
 Volatile Blastmotes      Fire/Tloc      92%        2d17      1%          3
 Brom's Barrelling Bould  Conj/Erth      58%        2d7       1%          4
 Flame Wave               Conj/Fire      57%        2d14      1%          4
 Fulminant Prism          Conj/Alch      27%        3d14      1%          4
 Borgnjor's Vile Clutch   Necr/Erth      31%        N/A       1%          5
 Iskenderun's Battlesphe  Conj           60%        2d11      1%          5
 Lee's Rapid Deconstruct  Erth           28%        3d15*     1%          5
 Martyr's Knell           Necr/Summ      47%        N/A       3%          4
 Conjure Ball Lightning   Conj/Air       30%        3x3d10    3%          6
 Summon Lightning Spire   Summ/Air       43%        N/A       5%          4
 Call Imp                 Summ           38%        N/A       6%          2
 Jinxbite                 Hex            38%        N/A       6%          2
 Death Channel            Necr           33%        N/A       6%          6
 Alistair's Intoxication  Alch           33%        N/A       8%          5
 Yara's Violent Unravell  Hex/Alch       17%        3d8       8%          5
 Confusing Touch          Hex            19%        N/A       12%         3
 Eringya's Noxious Bog    Alch           25%        4d6       12%         6
 Orb of Destruction       Conj           30%        9d10      19%         7
 Magnavolt                Erth/Air       29%        3d16      21%         7
 Sculpt Simulacrum        Ice/Alch       25%        N/A       36%         6
 Rimeblight               Ice/Necr       29%        2d6       (prima63%   7
 Seismic Cannonade        Alch/Erth      27%        6d10      85%         7
 Enfeeble                 Hex            9%         N/A       100%        7
 Discord                  Hex            9%         N/A       100%        8
 Disjunction              Tloc           18%        N/A       100%        8


Dungeon Overview and Level Annotations

Branches:
Dungeon (15/15)            Temple (1/1) D:5            Lair (5/5) D:8
  Swamp (4/4) Lair:3       Spider (4/4) Lair:2        Slime (0/5) Lair:5
    Orc (2/2) D:10            Elf (0/3) Orc:2        Vaults (1/5) D:13
 Depths (0/4) D:15         WizLab (1/1)             Gauntlet (visited)

Altars:
Ashenzari
Cheibriados
Dithmenos
Fedhas
Gozag
Hepliaklqana
Kikubaaqudgha
Makhleb
Nemelex Xobeh
Okawaru
Qazlal
Ru
Sif Muna
Trog
Uskayaw
Vehumet
Wu Jian
Xom
Yredelemnul

Shops:
D:2 (   D:3 [   D:5 *   D:9 ?*!   D:14 ([?(   Orc:1 :[   Orc:2 !(*!
Vaults:1 [

Annotations:
D:3 dig 4 treasure, Aldia's ghost, weakling MDFE WizLab exclusion: orange crystal statue


Innate Abilities, Weirdness & Mutations

You are a tree.
Your roots penetrate the ground, keeping you stationary.
You cannot be teleported.
You are immune to unholy pain and torment.
Your maximum health is greatly increased.
Your equipment is partially melded.
Your demonic aura often causes spilled blood to erupt in flames.
((When seriously injured, your blood forms very thick armour. (AC +0)))
Spells you cast may paralyse adjacent enemies.
((You have a sharp stinger which inflicts weakening toxins.))


Message History

The Statue of Wucad Mu is heavily damaged.
The flayed ghost hits you!
* * * LOW HITPOINT WARNING * * *
The deep troll bites you but does no damage.
The deep troll claws you but does no damage. x2
The shadow slips into darkness.
The shadow flickers and vanishes!
Deactivating autopickup; reactivate with Ctrl-A.
The demonspawn hits you.
* * * LOW HITPOINT WARNING * * *
The demonspawn claws you!
* * * LOW HITPOINT WARNING * * *
You block the demonspawn's attack. The deep troll bites you.
* * * LOW HITPOINT WARNING * * *
The deep troll claws you but does no damage. x2
The grey draconian monk hits you but does no damage.
You block the grey draconian monk's attack.
The grey draconian monk tail-slaps you.
* * * LOW HITPOINT WARNING * * *
The grey draconian monk tail-slaps you but does no damage.
You slash the Statue of Wucad Mu!
The Statue of Wucad Mu is heavily damaged.
You slash the Statue of Wucad Mu!
The Statue of Wucad Mu is severely damaged.
The flayed ghost hits you but does no damage.
You block the deep troll's attack.
The deep troll claws you but does no damage.
You block the deep troll's attack.
The demonspawn hits you but does no damage.
The demonspawn claws you but does no damage.
The demonspawn gores you but does no damage.
The deep troll bites you but does no damage.
The deep troll claws you!
* * * LOW HITPOINT WARNING * * *
The deep troll claws you but does no damage.
The grey draconian monk hits you but does no damage.
The grey draconian monk kicks you but does no damage.
The grey draconian monk tail-slaps you but does no damage.
The grey draconian monk tail-slaps you.
You die...

♣♣♣♣..♣♣♣.♣.........♣.♣..♣♣♣
.............#####.........♣♣♣
............##.. ##..........♣♣
.........####... ####........♣♣
##......##.. #.. ##..##........♣
.##....##....##'##....##......♣♣
T.##..♣# ...ß.....ß....#......♣♣
.##...## ......TW......##......♣
+#.....# ß.....I♣....ß.'.......♣
......## .....WT6q.....##......♣
......♣ ...ß.....ß....#♣......♣
.....♣# .............##♣#..#..♣
..##+## ###.......#### ##''##.♣
.##...## ###'''### ##....##♣
.#.....# ..... #......# ##.....#
...... #......#
####'###################......#


You could see a grey draconian monk (summoned), a demonspawn (summoned), the
Statue of Wucad Mu, a flayed ghost (summoned), 2 deep trolls and a wraith
(summoned).

Vanquished Creatures
  Mara (Spider:3)
  the Lernaean hydra (Swamp:4)
  Arachne (Spider:2)
  Nikola (Spider:3)
  Jorgrun (Spider:2)
  Mlioglotl (Spider:3)
  Rupert (D:14)
  Asterion (Spider:3)
  2 thorn hunters
  A fenstrider witch (Swamp:2)
  2 ghost moths
  A frost giant (D:15)
  2 emperor scorpions (Spider:2)
  An ironbound preserver (Vaults:1)
  4 broodmothers
  An orc warlord (D:10)
  Azrael (Spider:3)
  A deep elf demonologist (Vaults:1)
  A minotaur (Gauntlet)
  2 eleionomae
  10 bunyips
  3 spark wasps
  An ettin (D:13)
  A fire dragon (Orc:2)
  A shambling mangrove (Swamp:4)
  10 entropy weavers
  A rakshasa (D:14)
  2 ghost crabs (Swamp:4)
  18 hydras
  8 centaur warriors
  A vault guard (D:13)
  A catoblepas (Lair:5)
  9 alligators
  7 jorogumos
  5 radroaches
  Erica (D:8)
  5 demonic crawlers
  3 two-headed ogres
  7 boulder beetles
  5 tengu warriors
  A deep troll shaman (Lair:5)
  5 death yaks (Lair:5)
  A deep troll earth mage (D:15)
  5 orc high priests (Orc:2)
  Urug (Lair:2)
  A deep elf knight (D:13)
  18 spriggans
  A skyshark (Lair:4)
  12 goliath frogs
  9 skeletal warriors
  Nergalle (Orc:1)
  7 pharaoh ants
  4 bog bodies
  3 sun moths
  An obsidian statue (Gauntlet)
  11 swamp dragons
  5 spriggan druids
  8 orb spiders
  8 steelbarb worms
  A lindwurm (Orc:2)
  A phantasmal warrior (D:13)
  A harpy (Vaults:1)
  17 wolf spiders
  7 orc knights
  An orc sorcerer (Orc:1)
  8 ugly things
  6 moths of wrath
  5 cyclopes
  4 manticores
  6 will-o-the-wisps
  14 elephants
  3 kobold blastminers
  3 vault sentinels (Vaults:1)
  3 meliai
  Joseph (D:8)
  4 black mambas
  11 cane toads
  3 gargoyles
  2 unseen horrors
  An efreet (D:15)
  5 torpor snails
  2 rime drakes
  A yaktaur (Vaults:1)
  12 komodo dragons
  4 tengu conjurers
  An ice devil (Gauntlet)
  Psyche (D:8)
  A bloated husk (Swamp:4)
  6 polar bears
  6 trolls
  27 tarantellas
  14 hornets
  8 tyrant leeches
  Grinder (D:4)
  3 dream sheep (Lair:3)
  15 blink frogs
  24 jumping spiders
  25 culicivoras
  8 slime creatures
  2 wraiths
  A shadow (D:12)
  2 centaur simulacra
  2 fire elementals (Spider:3)
  44 yaks
  A vampire (D:12)
  5 wyverns
  4 basilisks
  A steam dragon (D:10)
  13 vampire mosquitoes
  2 wargs
  46 redbacks
  10 swamp worms
  An acid dragon (D:11)
  13 water moccasins
  4 hell hounds (Spider:3)
  Duvessa (D:5)
  35 orc warriors
  10 swamp drakes
  7 black bears
  3 laughing skulls (Gauntlet)
  8 boggarts (D:15)
  A tengu (shapeshifter) (D:14)
  23 centaurs
  22 wolves
  6 ogres
  6 bullfrogs
  A weeping skull (Gauntlet)
  2 kobold brigands
  2 gnoll sergeants
  3 earth elementals (Swamp:2)
  3 scorpions
  15 wights (D:8)
  Dowan (D:5)
  14 killer bees
  4 howler monkeys
  3 electric eels (Lair:2)
  A jelly (D:4)
  3 hounds
  Crazy Yiuf (D:4)
  2 gnoll boudas (D:8)
  29 orc priests
  2 sleepcaps
  17 orc wizards
  Ijyb (D:5)
  7 iguanas
  Natasha (thrice) (D:4)
  7 hell rats (Lair:5)
  22 gnolls
  9 adders
  4 white imps
  4 ufetubi
  3 dart slugs
  2 ribbon worms (D:3)
  68 orcs
  2 endoplasms (D:1)
  3 giant cockroaches
  9 goblins
  5 hobgoblins
  7 jackals
  14 kobolds
  A quokka (shapeshifter) (D:13)
  A quokka (D:4)
  9 ball pythons
  6 bats
  2 frilled lizards
  7 rats
  A butterfly (D:5)
1067 creatures vanquished.

Vanquished Creatures (collateral kills)
  A spriggan druid (Swamp:2)
  2 hornets
  A spriggan (Swamp:4)
4 creatures vanquished.

Vanquished Creatures (others)
  2 orb spiders (Spider:4)
  An orc sorcerer (Orc:1)
  A meliai (Spider:2)
  4 bloated husks
  An electric eel (Lair:3)
  8 foxfires
17 creatures vanquished.

Grand Total: 1088 creatures vanquished

Notes
Turn   | Place    | Note
-------+----------+-------------------------------------------
     0 | D:1      | Esekla the Demonspawn Wanderer began the quest for the Orb.
     0 | D:1      | Esekla set off with the following items: a +0 dagger, a +0
                  | pair of boots, a scroll of teleportation, a +0 robe, a +2
                  | buckler; and the following spell memorised: Sting; and the
                  | following spells available to memorise: Mephitic Cloud.
     0 | D:1      | Reached XP level 1. HP: 15/15 MP: 2/2
   218 | D:1      | Gained mutation: Your demonic aura sometimes causes spilled
                  | blood to erupt in flames. [demonic ancestry]
   218 | D:1      | Reached XP level 2. HP: 21/21 MP: 1/3
   414 | D:1      | Reached skill level 1 in Conjurations
   759 | D:1      | Gained mutation: Spells you cast may paralyse adjacent
                  | enemies. [demonic ancestry]
   759 | D:1      | Reached XP level 3. HP: 26/26 MP: 1/5
   863 | D:1      | Upgraded the game from 0.32-a0-981-g384da2ce10 to
                  | 0.32-a0-986-ga09f62fbf4
   867 | D:1      | Learned a level 3 spell: Mephitic Cloud
  1381 | D:2      | Found Gumeg's Weapon Emporium.
  1503 | D:3      | Found Buchib's Armour Boutique.
  1593 | D:3      | Found an ornate altar of the Wu Jian Council.
  1661 | D:3      | Reached skill level 1 in Air Magic
  1661 | D:3      | Gained mutation: When seriously injured, your blood forms
                  | armour. (AC +0) [demonic ancestry]
  1661 | D:3      | Reached XP level 4. HP: 28/32 MP: 3/6
  1830 | D:3      | Found a runed translucent gate.
  1830 | D:3      | Found a runed translucent gate.
  1830 | D:3      | Found a runed translucent gate.
  2152 | D:3      | Noticed Aldia's ghost (weakling MDFE)
  2252 | D:3      | Gained mutation: Your demonic aura often causes spilled
                  | blood to erupt in flames. [demonic ancestry]
  2252 | D:3      | Reached XP level 5. HP: 37/37 MP: 4/7
  2397 | D:4      | Noticed Natasha
  2406 | D:4      | Killed Natasha
  2471 | D:4      | Reached skill level 1 in Short Blades
  2517 | D:4      | Gained mutation: You have a small tail. [demonic ancestry]
  2517 | D:4      | Reached XP level 6. HP: 44/44 MP: 0/8
  2636 | D:4      | Reached skill level 2 in Spellcasting
  3288 | D:4      | Reached skill level 1 in Dodging
  3288 | D:4      | Reached XP level 7. HP: 51/51 MP: 4/10
  3341 | D:4      | Noticed Grinder
  3343 | D:4      | Paralysed by Grinder for 3 turns
  3355 | D:4      | Killed Grinder
  3483 | D:4      | Noticed Natasha
  3501 | D:4      | Killed Natasha
  3609 | D:4      | Learned a level 1 spell: Apportation
  3862 | D:4      | Found a runed translucent door.
  3863 | D:4      | Noticed Crazy Yiuf
  3870 | D:4      | Killed Crazy Yiuf
  3933 | D:4      | Reached skill level 1 in Armour
  3970 | D:4      | Reached skill level 3 in Spellcasting
  4177 | D:4      | Noticed Natasha
  4185 | D:4      | Killed Natasha
  4212 | D:5      | Entered Level 5 of the Dungeon
  4231 | D:5      | Learned a level 2 spell: Blink
  4273 | D:5      | Found a staircase to the Ecumenical Temple.
  4282 | Temple   | Entered the Ecumenical Temple
  4362 | Temple   | Became a worshipper of Vehumet
  4625 | D:5      | Noticed Duvessa
  4625 | D:5      | Noticed Dowan
  4632 | D:5      | Killed Duvessa
  4633 | D:5      | Gained mutation: When seriously injured, your blood forms
                  | thick armour. (AC +0) [demonic ancestry]
  4633 | D:5      | Reached XP level 8. HP: 57/57 MP: 5/12
  4633 | D:5      | Killed Dowan
  4748 | D:5      | Noticed Ijyb
  4764 | D:5      | Killed Ijyb
  4862 | D:5      | Found Ybbukkit's General Store.
  4873 | D:5      | Bought a scroll of identify for 22 gold pieces
  5266 | D:5      | Found a sparkling altar of Nemelex Xobeh.
  6098 | D:6      | Identified the +1 scale mail "Vofozeot" {rCorr}
  6234 | D:3      | Bought a +3 leather armour of poison resistance for 210
                  | gold pieces
  6619 | D:7      | Reached skill level 4 in Spellcasting
  6654 | D:7      | Reached * piety under Vehumet
  6654 | D:7      | Offered knowledge of Freeze by Vehumet.
  7092 | D:8      | Reached XP level 9. HP: 65/65 MP: 8/15
  7198 | D:8      | Noticed Joseph
  7219 | D:8      | Noticed Erica
  7234 | D:8      | Killed Erica
  7235 | D:8      | Reached skill level 1 in Translocations
  7235 | D:8      | Reached skill level 5 in Air Magic
  7267 | D:8      | Reached skill level 5 in Conjurations
  7433 | D:8      | Noticed Psyche
  7454 | D:8      | Noticed a boulder beetle
  7478 | D:8      | Killed Psyche
  7479 | D:8      | Reached skill level 5 in Spellcasting
  7585 | D:8      | Reached skill level 5 in Stealth
  7587 | D:8      | Killed a boulder beetle
  7588 | D:8      | Gained mutation: You have a tail ending in a sharp stinger.
                  | [demonic ancestry]
  7588 | D:8      | Reached XP level 10. HP: 56/73 MP: 4/18
  7901 | D:8      | Reached skill level 5 in Fighting
  7938 | D:8      | Found a staircase to the Lair.
  7980 | D:8      | Killed Joseph
  8102 | D:8      | Noticed a boulder beetle
  8113 | D:8      | Noticed a boulder beetle
  8119 | D:8      | Killed a boulder beetle
  8119 | D:8      | Offered knowledge of Foxfire by Vehumet.
  8136 | D:8      | Reached ** piety under Vehumet
  8149 | D:8      | Killed a boulder beetle
  8150 | D:8      | Reached skill level 1 in Long Blades
  8549 | D:8      | Reached skill level 6 in Spellcasting
  8817 | D:3      | Bought a +1 cloak of willpower for 165 gold pieces
  9019 | D:9      | Reached XP level 11. HP: 81/81 MP: 15/20
  9123 | D:9      | Noticed a two-headed ogre
  9123 | D:9      | Found Railivea's Distillery.
  9123 | D:9      | Found Gallupt's General Store.
  9123 | D:9      | Found Biepsei's Magic Scroll Emporium.
  9125 | D:9      | Bought a potion of degeneration for 14 gold pieces
  9163 | D:9      | Noticed a +0 dagger
  9164 | D:9      | Noticed a +0 hand axe
  9550 | D:9      | Found a hide-covered altar of Uskayaw.
  9660 | D:9      | Killed a two-headed ogre
  9859 | D:10     | Entered Level 10 of the Dungeon
  9875 | D:10     | Offered knowledge of Frozen Ramparts by Vehumet.
  9880 | D:10     | Learned a level 3 spell: Frozen Ramparts
 10177 | D:10     | Reached *** piety under Vehumet
 10193 | D:9      | Bought a scroll of identify for 32 gold pieces
 10193 | D:9      | Bought a scroll of identify for 32 gold pieces
 10193 | D:9      | Bought a scroll of fog for 64 gold pieces
 10228 | D:10     | Reached skill level 5 in Armour
 10260 | D:10     | Reached skill level 1 in Ice Magic
 10266 | D:10     | Found a staircase to the Orcish Mines.
 10317 | D:10     | Identified the +12 mace of the Scroll {flame, *Corrode
                  | Int+6 Dex+2}
 10670 | Orc:1    | Entered Level 1 of the Orcish Mines
 10674 | Orc:1    | Noticed an orc sorcerer
 10718 | Orc:1    | Killed an orc sorcerer
 10726 | Orc:1    | Noticed an orc warlord
 10775 | Orc:1    | HP: 1/82 [orc warlord/+1 battleaxe of freezing (8)]
 10847 | D:10     | Killed an orc warlord
 10848 | D:10     | Reached skill level 1 in Throwing
 11008 | D:10     | Reached skill level 7 in Spellcasting
 11120 | Orc:1    | Found a radiant altar of Vehumet.
 11156 | Orc:1    | Noticed Nergalle
 11210 | Orc:1    | Offered knowledge of Fulminant Prism by Vehumet.
 11212 | Orc:1    | Killed Nergalle
 11343 | Orc:1    | Noticed an orc sorcerer
 11347 | Orc:1    | Killed an orc sorcerer
 11529 | Orc:1    | Found Peuj's Book Shop.
 11585 | Orc:1    | Found Itaputs's Armour Shoppe.
 11791 | D:9      | Bought a scroll of enchant weapon for 120 gold pieces
 11837 | D:9      | Bought a potion of invisibility for 112 gold pieces
 11894 | Lair:1   | Entered Level 1 of the Lair of Beasts
 11932 | Lair:1   | Reached XP level 12. HP: 89/89 MP: 23/23
 12758 | Lair:2   | Reached **** piety under Vehumet
 12759 | Lair:2   | Reached skill level 8 in Spellcasting
 13358 | Lair:2   | Offered knowledge of Lee's Rapid Deconstruction by Vehumet.
 13402 | Lair:2   | Found a hole to the Spider Nest.
 13465 | Lair:2   | Reached skill level 1 in Earth Magic
 13595 | Lair:2   | Learned a level 5 spell: Lee's Rapid Deconstruction
 13730 | Lair:2   | Noticed a four-headed hydra
 13748 | Lair:2   | Killed a four-headed hydra
 14100 | Lair:2   | Noticed Urug
 14114 | Lair:2   | Killed Urug
 14629 | Lair:3   | Reached XP level 13. HP: 89/96 MP: 18/25
 14755 | Lair:3   | Found a staircase to the Swamp.
 14775 | Lair:3   | Reached skill level 9 in Spellcasting
 14824 | Lair:3   | Reached skill level 5 in Ice Magic
 15650 | Lair:4   | Learned a level 3 spell: Vampiric Draining
 16348 | Lair:4   | Reached skill level 1 in Necromancy
 16755 | Lair:5   | Entered Level 5 of the Lair of Beasts
 16775 | Lair:5   | Reached ***** piety under Vehumet
 16778 | Lair:5   | Offered knowledge of Freezing Cloud by Vehumet.
 16798 | Lair:4   | Learned a level 5 spell: Freezing Cloud
 17091 | Lair:5   | Found a staircase to the Slime Pits.
 17520 | Lair:5   | Reached skill level 10 in Spellcasting
 17588 | Lair:5   | Gained mutation: When seriously injured, your blood forms
                  | very thick armour. (AC +0) [demonic ancestry]
 17588 | Lair:5   | Reached XP level 14. HP: 80/105 MP: 19/28
 18376 | Orc:2    | Entered Level 2 of the Orcish Mines
 18722 | Orc:2    | Offered knowledge of Magnavolt by Vehumet.
 18782 | Orc:2    | Found a staircase to the Elven Halls.
 19066 | Orc:2    | Reached skill level 5 in Alchemy
 19080 | Orc:2    | Learned a level 7 spell: Magnavolt
 19156 | Orc:2    | Found Akhumoi's Distillery.
 19156 | Orc:2    | Found Diup's Distillery.
 19164 | Orc:2    | Found Nicufatenu's Antique Weapon Shoppe.
 19164 | Orc:2    | Found Fuilead's Assorted Antiques.
 19172 | Orc:2    | Bought a white potion for 27 gold pieces
 19484 | Orc:2    | Reached skill level 5 in Necromancy
 20134 | Orc:2    | Bought a fading long sword for 238 gold pieces
 20134 | Orc:2    | Identified the +4 long sword "Zochoem" {vamp, rElec} (You
                  | bought it in a shop on level 2 of the Orcish Mines)
 20137 | Orc:2    | Bought a moonstone ring for 155 gold pieces
 20142 | Orc:2    | Bought a potion of magic for 104 gold pieces
 20450 | D:11     | Reached skill level 5 in Earth Magic
 21028 | D:11     | Offered knowledge of Plasma Beam by Vehumet.
 21416 | D:12     | Found a gate leading to a gauntlet.
 21558 | Gauntlet | Entered a Gauntlet
 21558 | Gauntlet | Found a transporter.
 21558 | Gauntlet | Found a transporter.
 21558 | Gauntlet | Found a transporter.
 21564 | Gauntlet | Found a transporter.
 21566 | Gauntlet | Found a transporter.
 21566 | Gauntlet | Found a transporter.
 21584 | Gauntlet | Found a transporter.
 21587 | Gauntlet | Found a transporter.
 21588 | Gauntlet | Found a transporter.
 21590 | Gauntlet | Found a transporter.
 21607 | Gauntlet | Found a transporter.
 21619 | Gauntlet | Identified a scroll of acquirement
 21619 | Gauntlet | Acquired 483 gold pieces
 21729 | Gauntlet | Found a transporter.
 21992 | Gauntlet | Identified the +0 helmet of the Desert {*Corrode Str+3
                  | Int+8} (You found it in a Gauntlet)
 22126 | Gauntlet | Reached skill level 11 in Spellcasting
 22290 | Gauntlet | Identified the -2 pair of boots of Conscience {rN+ Will-
                  | Str+3 Int+2}
 22536 | Gauntlet | Identified the +1 pair of boots "Hesegy" {Fly rPois Stlth+}
 23192 | Orc:1    | Bought the Handbook of Vitriolic Topology for 624 gold
                  | pieces
 23197 | Orc:1    | Learned a level 4 spell: Ignite Poison
 23291 | D:11     | Learned a level 4 spell: Airstrike
 23741 | D:13     | Learned a level 4 spell: Dispel Undead
 23768 | D:13     | Reached skill level 5 in Shields
 24014 | D:13     | Found a gate to the Vaults.
 24017 | D:13     | Found the +5 robe of Night {Dark Will+ SInv}
 24746 | D:13     | Reached XP level 15. HP: 114/114 MP: 23/30
 24875 | D:13     | Found the +5 Lochaber axe {reach-cleave, Poleaxe ^Drain}
 24995 | D:13     | Reached skill level 1 in Fire Magic
 25401 | D:14     | Found Lueptokh's Antique Weapon Shop.
 25406 | D:14     | Found Yhixoa's Magic Scroll Emporium.
 25428 | D:14     | Reached skill level 5 in Short Blades
 25450 | D:14     | Offered knowledge of Ozocubu's Refrigeration by Vehumet.
 25537 | D:14     | Noticed Rupert
 25547 | D:14     | Killed Rupert
 26386 | D:14     | Reached skill level 12 in Spellcasting
 26467 | D:14     | Found Mybbudel's Weapon Shop.
 26551 | D:14     | Found Cilas's Antique Armour Emporium.
 26674 | D:15     | Entered Level 15 of the Dungeon
 26780 | D:13     | Acquired 362 gold pieces
 27180 | D:15     | Found a staircase to the Depths.
 27196 | D:15     | Noticed a frost giant
 27524 | D:15     | Killed a frost giant
 28113 | D:15     | Found a shimmering blue altar of Sif Muna.
 28448 | D:14     | Bought a glowing hat for 203 gold pieces
 28452 | D:14     | Bought a runed robe for 107 gold pieces
 28530 | D:14     | Bought a runed long sword for 162 gold pieces
 28660 | D:9      | Bought a scroll of brand weapon for 152 gold pieces
 28976 | Spider:1 | Entered Level 1 of the Spider Nest
 29072 | Lair:2   | Reached skill level 10 in Fighting
 29163 | Spider:1 | Reached skill level 10 in Stealth
 29247 | Spider:1 | Offered knowledge of Bombard by Vehumet.
 30071 | Spider:1 | Acquired 796 gold pieces
 30508 | Spider:2 | Reached XP level 16. HP: 122/122 MP: 32/32
 30786 | Spider:2 | Noticed Jorgrun
 30814 | Spider:2 | Killed Jorgrun
 31358 | Spider:2 | Noticed Arachne
 31368 | Spider:2 | Killed Arachne
 32172 | Spider:2 | Reached skill level 13 in Spellcasting
 32513 | Spider:3 | Noticed Mara
 32521 | Spider:3 | Noticed Esekla's illusion
 33029 | Spider:3 | Noticed Esekla's illusion
 33030 | Spider:3 | Killed Mara
 33031 | Spider:3 | Reached skill level 5 in Fire Magic
 34367 | Spider:3 | Noticed Azrael
 34376 | Spider:3 | Killed Azrael
 34588 | Spider:3 | Upgraded the game from 0.32-a0-986-ga09f62fbf4 to
                  | 0.32-a0-995-gb4a59205af
 34620 | Spider:4 | Entered Level 4 of the Spider Nest
 34720 | Spider:4 | Noticed Mlioglotl
 35184 | Spider:4 | Noticed Asterion
 35441 | Spider:4 | Gained mutation: You have a sharp stinger which inflicts
                  | weakening toxins. [demonic ancestry]
 35441 | Spider:4 | Reached XP level 17. HP: 119/120 MP: 24/34
 35573 | Spider:3 | Killed Mlioglotl
 35636 | Spider:4 | Noticed Nikola
 36181 | Spider:3 | Reached ****** piety under Vehumet
 36412 | Spider:3 | Learned a level 5 spell: Fireball
 36516 | Spider:3 | Killed Nikola
 36743 | Spider:3 | Killed Asterion
 36743 | Spider:3 | Offered knowledge of Arcjolt by Vehumet.
 37143 | Spider:4 | Learned a level 4 spell: Sticky Flame
 37311 | Spider:4 | Reached skill level 14 in Spellcasting
 37755 | Spider:4 | Got a gossamer rune of Zot
 37988 | Swamp:1  | Entered Level 1 of the Swamp
 38531 | Swamp:1  | Identified the +10 war axe of Siul {speed, Int+5}
 39129 | Swamp:1  | Reached skill level 10 in Necromancy
 39363 | Swamp:2  | Offered knowledge of Maxwell's Capacitive Coupling by
                  | Vehumet.
 39364 | Swamp:2  | Reached skill level 5 in Dodging
 39539 | Spider:2 | Learned a level 8 spell: Maxwell's Capacitive Coupling
 39851 | Swamp:2  | Acquired the +1 pair of gloves "Vakhah" {Rampage ^Drain
                  | rElec Stlth+}
 40390 | Swamp:2  | Reached XP level 18. HP: 52/140 MP: 6/36
 41596 | Swamp:4  | Entered Level 4 of the Swamp
 42015 | Swamp:4  | Reached skill level 15 in Spellcasting
 42281 | Swamp:4  | Identified the +4 mace "Fapyesse" {antimagic, *Corrode
                  | ^Drain rElec Int+8}
 42721 | Swamp:4  | Offered knowledge of Lehudib's Crystal Spear by Vehumet.
 42721 | Swamp:4  | Offered knowledge of Shatter by Vehumet.
 42721 | Swamp:4  | Offered knowledge of Ignition by Vehumet.
 42728 | Swamp:4  | Noticed the 27-headed Lernaean hydra
 42753 | Swamp:4  | Killed the 27-headed Lernaean hydra
 43241 | Swamp:4  | Got a decaying rune of Zot
 43558 | Vaults:1 | Entered Level 1 of the Vaults
 43565 | Vaults:1 | Learned a level 3 spell: Frozen Ramparts
 43706 | Vaults:1 | Found a magical portal.
 43774 | Vaults:1 | Found Usosch's Antique Armour Shop.
 43818 | WizLab   | Entered Wucad Mu's Monastery
 44257 | WizLab   | Found the crystal ball of Wucad Mu {*channel}
 44543 | WizLab   | HP: 15/316 [deep troll[old memories] (2)]
 44545 | WizLab   | HP: 1/316 [deep troll[old memories] (13)]
 44545 | WizLab   | Slain by a grey draconian monk

Illustrated notes

Levels and vault maps discovered:
D:1:      eino_arrival_cavern_a, layout_loops_cross
D:2:      layout_loops_ring, serial_shops, shop
D:3:      layout_loops_ring, nzn_wu_jian_council_hall,
          gammafunk_ghost_necromancy, serial_shops, nicolae_square_shop,
          due_unseen_surprise
D:4:      minmay_opposing_rooms, layout_cave_pods, minmay_hedge_maze,
          uniq_crazy_yiuf_cottage, uniq_grinder, uniq_natasha
D:5:      layout_layer_cave, mainiacjoe_overflow_large_starburst,
          lemuel_crystal_altar, minmay_temple_entry_butterflies, serial_shops,
          shop, uniq_ijyb, uniq_duvessa
D:6:      layout_loops_ring
D:7:      layout_cave_pools
D:8:      layout_loops_corners, minmay_lair_entry_grove,
          hangedman_minor_gate_pass, uniq_erica, uniq_psyche, uniq_joseph
D:9:      layout_cave_pools, dancing_weapons_uskayaw,
          nicolae_shop_distant_corner_stores
D:10:     nicolae_hitomezashi [nicolae_hito_row, nicolae_hito_row,
          nicolae_hito_row, nicolae_hito_row, nicolae_hito_row,
          nicolae_hito_row, nicolae_hito_row, nicolae_hito_row,
          nicolae_hito_row, nicolae_hito_row, nicolae_hito_row,
          nicolae_hito_row, nicolae_hito_row, nicolae_hito_row,
          nicolae_hito_row, nicolae_hito_row, nicolae_hito_row,
          nicolae_hito_row], layout_loops_ring
D:11:     layout_basic
D:12:     layout_rooms, gauntlet_entry_generic
D:13:     layout_basic, hellmonk_vaults_order_and_chaos,
          nicolae_guarded_unrand_lochaber
D:14:     layout_stronghold, serial_park_tiny_1, serial_shops, shop,
          nicolae_shop_bloodbath_and_beyond, nicolae_inconvenience_store, shop,
          uniq_rupert
D:15:     hellmonk_depths_entry_around_the_bend, layout_basic,
          serial_library_hellmonk_statue_hall
Temple:   minmay_crystal_spiral_temple
Lair:1:   layout_roguey, minmay_holes, chequers_serial_rivers_micro_b
Lair:2:   layout_chaotic_city, spider_nest_entry_rubble, serial_bayou_lake_a,
          uniq_urug
Lair:3:   layout_cave_pods, minmay_swamp_entry_reptiles,
          nicolae_quartered_pool_super
Lair:4:   layout_regular_city, infiniplex_staircase_pool_2
Lair:5:   grunt_lair_end_beastmaster, layout_cave_shapes, slime_entry_1,
          lemuel_centaur_altar
Swamp:1:  layout_basic_swamp, evilmike_swamp_ruin_house_2
Swamp:2:  layout_falls_marsh, evilmike_swamp_ruin_house_1, swamp_pool_4,
          nzn_swamp_blast_mining
Swamp:3:  layout_falls_marsh, nicolae_swamp_stair_fork, swamp_pool_5
Swamp:4:  swamp_old_school, layout_basic_swamp, swamp_pool_3
Spider:1: layout_spider_delve
Spider:2: nicolae_spider_hilbert_zone_1 [nicolae_spider_hilbert_4_sides_1_open,
          nicolae_spider_hilbert_4_sides_1_open,
          nicolae_spider_hilbert_4_sides_1_open,
          nicolae_spider_hilbert_4_sides_1_open,
          nicolae_spider_hilbert_3_sides_1_open,
          nicolae_spider_hilbert_3_sides_1_open,
          nicolae_spider_hilbert_3_sides_1_open,
          nicolae_spider_hilbert_3_sides_1_open,
          nicolae_spider_hilbert_3_sides_1_open,
          nicolae_spider_hilbert_6_sides_1_open,
          nicolae_spider_hilbert_6_sides_1_open,
          nicolae_spider_hilbert_3_sides_1_open,
          nicolae_spider_hilbert_3_sides_1_open,
          nicolae_spider_hilbert_3_sides_1_open,
          nicolae_spider_hilbert_3_sides_1_open,
          nicolae_spider_hilbert_2_sides_1_open], uniq_arachne, uniq_jorgrun
Spider:3: layout_cave_pods, uniq_mara, uniq_azrael
Spider:4: hellmonk_spider_rune_endless_swarm, uniq_asterion, uniq_mlioglotl,
          uniq_nikola
Orc:1:    layout_diamond_mine, serial_shops, nicolae_shop_behind_doors,
          nicolae_diamond_shop, basic_altar, uniq_nergalle
Orc:2:    st_orc_pillars, layout_diamond_mine, hellmonk_talismancer
Vaults:1: infiniplex_enter_wizlab_water, hangedman_vaults_stream,
          vaults_room_corners, v_misc_19, nicolae_vaults_tetromino_T_2,
          nicolae_vaults_diamond_2, vaults_dpeg_emergency_exit,
          nicolae_vaults_murderbox, vaults_mumra_hex,
          nicolae_vaults_stepped_doors, layout_vaults_omnigrid, serial_shops,
          nicolae_shop_trees
WizLab:   wizlab_wucad

Skill      XL: |  1  2  3  4  5  6  7  8  9 10 11 12 13 14 15 16 17 18 |
---------------+-------------------------------------------------------+-----
Conjurations   | 1 2 3 4 5 6 7 8 9 |  9.1
Air Magic      | 1 2 3 4 5 6 7 8 9 |  9.6
Stealth        | 3 4 5 6 7 8 9 10 11 | 11.5
Short Blades   | 1 2 3 4 5 |  5.5
Fighting       | 2 3 4 5 6 7 8 9 10 11 12 | 12.4
Spellcasting   | 2 3 4 5 6 7 8 10 11 12 13 14 15 | 15.3
Dodging        | 1 2 3 4 5 |  5.3
Alchemy        | 2 3 4 5 6 |  6.3
Shields        | 4 5 6 |  6.0
Armour         | 1 2 3 4 5 |  5.8
Translocations | 1 2 3 |  3.4
Long Blades    | 1 2 |  2.9
Ice Magic      | 2 4 5 6 |  6.8
Throwing       | 1 2 3 |  3.1
Earth Magic    | 2 4 5 6 7 8 |  8.4
Necromancy     | 4 6 7 8 10 11 | 11.2
Fire Magic     | 4 5 6 7 |  7.5
Evocations     | |  0.4

Action                     |  1- 3 |  4- 6 |  7- 9 | 10-12 | 13-15 | 16-18 || total
---------------------------+-------+-------+-------+-------+-------+-------++-------
  Melee: Dagger            |   138 |    77 |   155 |   348 |   698 |   853 ||  2269
         Tailslap          |       |     5 |    20 |    87 |   149 |   216 ||   477
         Scimitar          |       |       |       |    83 |    10 |    77 ||   170
         Long sword        |       |       |       |       |    38 |    54 ||    92
  Throw: Javelin           |     1 |       |       |     4 |     5 |       ||    10
         Boomerang         |       |     6 |       |    38 |    80 |    27 ||   151
         Dart              |       |       |     2 |     9 |    28 |    77 ||   116
   Cast: Sting             |    26 |    60 |   108 |   208 |   166 |       ||   568
         Mephitic Cloud    |       |     2 |    17 |    48 |    93 |   112 ||   272
         Apportation       |       |       |    14 |    26 |    45 |    73 ||   158
         Blink             |       |       |       |     7 |     7 |    21 ||    35
         Frozen Ramparts   |       |       |       |    45 |   122 |    52 ||   219
         Freezing Cloud    |       |       |       |       |    20 |    53 ||    73
         Vampiric Draining |       |       |       |       |    36 |   101 ||   137
         Lee's Rapid Decon |       |       |       |       |    33 |     4 ||    37
         Ignite Poison     |       |       |       |       |    14 |   102 ||   116
         Dispel Undead     |       |       |       |       |    33 |    14 ||    47
         Airstrike         |       |       |       |       |     7 |    46 ||    53
         Sticky Flame      |       |       |       |       |       |    57 ||    57
  Evoke: Wand              |       |       |       |     6 |     6 |     3 ||    15
         Gell's gravitambo |       |       |       |       |       |     2 ||     2
         Lightning rod     |       |       |       |       |       |     2 ||     2
    Use: Scroll            |       |       |     6 |     8 |    18 |    18 ||    50
         Potion            |       |       |       |       |     4 |    16 ||    20
   Stab: Sleeping          |    11 |     2 |     5 |    12 |    20 |    30 ||    80
         Paralysed         |     3 |    18 |    29 |    50 |   135 |   130 ||   365
         Confused          |       |     1 |     7 |    22 |    50 |    31 ||   111
         Petrified         |       |       |       |       |     5 |       ||     5
         Distracted        |       |       |       |       |     5 |     4 ||     9
 Armour: Robe              |    62 |    38 |    41 |       |   258 |  1369 ||  1768
         Leather armour    |       |       |    52 |   250 |   310 |       ||   612
         Skin              |       |       |       |       |       |    77 ||    77
  Dodge: Dodged            |    55 |    29 |    52 |   185 |   353 |   751 ||  1425
  Block: Buckler           |    52 |    17 |    38 |   154 |   256 |   533 ||  1050

Table legend: (Time is in decaauts)
 A = Elapsed time spent in this place.
 B = Non-inter-level travel time spent in this place.
 C = Inter-level travel time spent in this place.
 D = Time resting spent in this place.
 E = Time spent auto-exploring this place.
 F = Levels seen in this place.
 G = Mean time per level.
                   A        B        C        D        E       F      G
               +--------+--------+--------+--------+--------+-----+--------+
         Total |  44370 |  40286 |   4084 |  12310 |  11419 |  34 | 1305.0 |
       Dungeon |  18754 |  16481 |   2273 |   3738 |   5991 |  15 | 1250.3 |
        Temple |    156 |      5 |    151 |      0 |      0 |   1 |  156.0 |
          Lair |   6723 |   6168 |    555 |   1684 |   1753 |   5 | 1344.6 |
         Swamp |   5098 |   4736 |    362 |   1967 |   1325 |   4 | 1274.5 |
   Spider Nest |   8922 |   8550 |    372 |   3622 |   1830 |   4 | 2230.5 |
  Orcish Mines |   2738 |   2369 |    369 |    572 |    520 |   2 | 1369.0 |
        Vaults |    252 |    252 |      0 |      8 |      0 |   1 |  252.0 |
        Wizlab |    686 |    686 |      0 |    281 |      0 |   1 |  686.0 |
      Gauntlet |   1036 |   1036 |      0 |    436 |      0 |   1 | 1036.0 |
               +--------+--------+--------+--------+--------+-----+--------+

Top non-repeatable levels by time:
Spider:3: 3611 daAuts
Spider:2: 2481 daAuts
     D:8: 2183 daAuts
    D:14: 2051 daAuts
     D:4: 2048 daAuts
    D:13: 1990 daAuts
   Orc:2: 1618 daAuts
  Lair:2: 1604 daAuts
Spider:1: 1501 daAuts
 Swamp:1: 1484 daAuts
  Lair:3: 1450 daAuts
    D:15: 1422 daAuts
  Lair:5: 1403 daAuts
    D:10: 1365 daAuts
 Swamp:3: 1357 daAuts
